 Dungeon Crawl Stone Soup version 0.31.0-12-g77e489cdc1 (webtiles) character file.

Game seed: 7311666785517399515

37743 Silvore the Carver (level 13, -15/106 HPs)
             Began as a Demonspawn Fighter on Feb 15, 2024.
             Was the Champion of Okawaru.
             Demolished by a deep troll (17 damage)
             ... led by an ironbound preserver
             ... on level 1 of the Vaults.
             The game lasted 00:22:51 (16508 turns).

Silvore the Carver (Demonspawn Fighter)            Turns: 16508, Time: 00:22:52

Health: -15/106    AC: 29    Str: 21    XL:     13   Next: 60%
Magic:  12/14      EV: 10    Int:  9    God:    Okawaru [******]
Gold:   996        SH:  7    Dex: 24    Spells: 12/12 levels left

rFire   . . .        I - +4 demon blade (flame)
rCold   . . .        c - +0 buckler
rNeg    + . .        d - +3 chain mail of the Morning Star {Slay+3}
rPois   +            f - +0 mask of the Dragon {Will+ Slay+3 SInv}
rElec   .            l - +0 cloak
rCorr   +            (no gloves)
SInv    +            J - +3 pair of boots of the Wasteland {^Drain rPois Will+ Dex+5}
Will    +++..        C - macabre finger necklace {Finger+ rN+} Stlth
                     A - +4 ring of protection
HPRegen 0.37/turn    v - ring of willpower
MPRegen 0.14/turn    D - +6 ring of dexterity

%: no passive effects
@: studying Unarmed Combat, invisible
A: horns 2, yellow scales 3, powered by pain 2, demonic magic 2
a: Renounce Religion, Heroism, Finesse, Duel


You were on level 1 of the Vaults.
You worshipped Okawaru.
Okawaru was exalted by your worship.
You visited 3 branches of the dungeon, and saw 16 of its levels.
You also visited: Ossuary and Gauntlet.

You collected 996 gold pieces.

Inventory:

Hand Weapons
 a - a +1 long sword of chaos
 I - a +4 demon blade of flaming (weapon)
Missiles
 S - a throwing net (quivered)
Armour
 b - a +0 scale mail
 c - a +0 buckler (worn)
 d - the +3 chain mail of the Morning Star (worn) {Slay+3}
   (You found it in a Gauntlet)

   Slay+3:    It affects your accuracy & damage with ranged weapons and melee
   (+3).
 f - the +0 mask of the Dragon (worn) {Will+ Slay+3 SInv}
   (You acquired it on level 1 of the Dungeon)

   Slay+3:    It affects your accuracy & damage with ranged weapons and melee
   (+3).
   Will+:     It increases your willpower.
   SInv:      It lets you see invisible.
 l - a +0 cloak (worn)
 m - a +0 plate armour
 G - a +0 pair of boots
 J - the +3 pair of boots of the Wasteland (worn) {^Drain rPois Will+ Dex+5}
   (Okawaru gifted it to you on level 11 of the Dungeon)

   Dex+5:     It affects your dexterity (+5).
   rPois:     It protects you from poison Will+: It increases your willpower.
   ^Drain:    It drains your maximum health when unequipped.
Jewellery
 j - a ring of see invisible
 p - a ring of wizardry
 t - a ring of magical power
 v - a ring of willpower (right hand)
 A - a +4 ring of protection (left hand)
 B - an amulet of regeneration
 C - the macabre finger necklace (around neck) {Finger+ rN+}
   (You found it in a Gauntlet)

   [amulet of nothing]

   Finger+:   It enables you to equip an extra ring.
   rN+:       It protects you from negative energy.
 D - a +6 ring of dexterity (on amulet)
 R - a ring of willpower
Wands
 s - a wand of digging (5)
 F - a wand of flame (6)
 H - a wand of iceblast (13)
 U - a wand of polymorph (7)
Scrolls
 i - 3 scrolls of blinking
 q - 2 scrolls of vulnerability
 u - 3 scrolls of teleportation
 w - a scroll of torment
 y - 2 scrolls of identify
 E - 2 scrolls of revelation
 K - a scroll of immolation
 L - a scroll of amnesia
 N - a scroll of fear
 Q - 2 scrolls of enchant armour
 W - a scroll of fog
Potions
 e - 9 potions of curing
 g - 3 potions of brilliance
 h - a potion of cancellation
 k - 5 potions of mutation
 n - 5 potions of lignification
 o - a potion of ambrosia
 x - 12 potions of degeneration
 z - a potion of enlightenment
 M - a potion of berserk rage
 O - a potion of resistance
 P - 2 potions of might
Miscellaneous
 r - a phial of floods


   Skills:
 + Level 11.0 Fighting
 + Level 14.2 Long Blades
 + Level 11.3 Armour
 + Level 3.3 Dodging
 + Level 1.9 Stealth
 + Level 7.6 Shields
 + Level 1.8 Invocations


You had 12 spell levels left.
You didn't know any spells.
Your spell library contained the following spells:

 Spells                   Type           Power      Damage    Failure   Level
 Apportation              Tloc           0%         N/A       93%         1
 Magic Dart               Conj           0%         1d3       93%         1
 Blink                    Tloc           0%         N/A       98%         2
 Cigotuvi's Dreadful Rot  Necr/Alch/Air  0%         N/A       98%         2
 Ensorcelled Hibernation  Hex/Ice        0%         N/A       98%         2
 Jinxbite                 Hex            0%         N/A       98%         2
 Lesser Beckoning         Tloc           0%         N/A       98%         2
 Momentum Strike          Conj/Tloc      0%         3d8       98%         2
 Static Discharge         Conj/Air       0%         3-3/arc   98%         2
 Passwall                 Erth           0%         N/A       100%        3
 Swiftness                Air            0%         N/A       100%        3
 Volatile Blastmotes      Fire/Tloc      0%         2d10      100%        3
 Airstrike                Air            0%         2d(0-16)  100%        4
 Ignite Poison            Fire/Alch      0%         N/A       100%        4
 Vhi's Electric Charge    Tloc/Air       0%         N/A       100%        4
 Alistair's Intoxication  Alch           0%         N/A       100%        5
 Arcjolt                  Conj/Air       0%         1d10      100%        5
 Freezing Cloud           Conj/Ice/Air   0%         6-21      100%        5
 Yara's Violent Unravell  Hex/Alch       0%         3d3       100%        5
 Enfeeble                 Hex            0%         N/A       100%        7
 Maxwell's Capacitive Co  Air            0%         ∞         100%        8
 Call Imp                 Summ           Unusable   N/A       N/A         2
 Summon Lightning Spire   Summ/Air       Unusable   N/A       N/A         4

Dungeon Overview and Level Annotations

Branches:
Dungeon (14/15)            Temple (1/1) D:4            Lair (0/5) D:8
    Orc (0/2) D:10         Vaults (1/5) D:14        Ossuary (visited)
Gauntlet (visited)

Altars:
Ashenzari
Cheibriados
Dithmenos
Fedhas
Gozag
Hepliaklqana
Kikubaaqudgha
Makhleb
Nemelex Xobeh
Okawaru
Qazlal
Ru
Sif Muna
Trog
Uskayaw
Vehumet
Wu Jian
Xom
Yredelemnul

Shops:
D:3 [


Innate Abilities, Weirdness & Mutations

You have a pair of horns on your head.
You are completely covered in yellow scales. (AC +4, rCorr)
You sometimes gain power by taking damage.
Spells you cast may paralyse nearby enemies.


Message History

The deep troll claws you but does no damage. x2
The deep troll bites you! The deep troll claws you.
You block the deep troll's attack.
You slice the deep troll!! You burn the deep troll!
Your headbutt misses the deep troll.
The deep troll is heavily wounded.
You hit the deep troll. You burn the deep troll.
The deep troll is severely wounded.
You block the deep troll's attack. The deep troll claws you!
* * * LOW HITPOINT WARNING * * *
The deep troll claws you!
* * * LOW HITPOINT WARNING * * *
You block the deep troll's attack.
The deep troll claws you but does no damage.
The deep troll claws you.
* * * LOW HITPOINT WARNING * * *
You feel much better. You block the deep troll's attack.
The deep troll barely misses you.
The deep troll claws you but does no damage.
The deep troll bites you but does no damage.
The deep troll claws you but does no damage. x2
You fade into invisibility!
An ironbound thunderhulk comes into view.
It is wielding a +0 dire flail.
The deep troll misses you. You block the deep troll's attack.
The deep troll claws you but does no damage.
You block the deep troll's attack.
The deep troll claws you but does no damage.
The deep troll completely misses you.
You barely miss the deep troll.
The ironbound thunderhulk shouts!
You headbutt the deep troll!
The deep troll is almost dead.
The ironbound thunderhulk shouts!
The deep troll bites you!
* * * LOW HITPOINT WARNING * * *
The deep troll claws you but does no damage.
The deep troll claws you!
* * * LOW HITPOINT WARNING * * *
The deep troll bites you!
You die...

' #........ #..# .#
#........ #..# ..#
#........ #..# ..
#........ #..##'##
#........ #..#)[.#
.#........ ..
#..#####..#........ ...
#.........#........
....#.@T......#........
....###T#######........
.......T...............
...........)...........
#####......)(..........
#......)...........
#.T................
#p.#'####'###......
#.T#........#......


You could see 3 deep trolls.

Vanquished Creatures
  An ironbound preserver (Vaults:1)
  A war gargoyle (Vaults:1)
  A minotaur (Gauntlet)
  Snorg (D:11)
  A yaktaur captain (Vaults:1)
  A vault guard (D:14)
  A hydra (D:13)
  4 boulder beetles
  4 centaur warriors
  A dancing weapon (D:14)
  4 two-headed ogres
  2 tengu warriors (D:13)
  4 death yaks (Gauntlet)
  A sun moth (D:9)
  Pikel (D:9)
  A deep elf pyromancer (D:14)
  4 ugly things (D:13)
  2 necromancers (Gauntlet)
  A manticore (D:13)
  A cyclops (D:11)
  2 vault sentinels (Vaults:1)
  A gargoyle (D:12)
  A freezing wraith (D:14)
  Jeremiah (D:6)
  2 unseen horrors
  A kobold demonologist (D:13)
  A tengu conjurer (D:13)
  A queen bee (shapeshifter) (D:14)
  Grinder (D:5)
  7 trolls
  A hornet (D:9)
  A raiju (shapeshifter) (D:14)
  11 slime creatures
  Prince Ribbit (D:7)
  Sigmund (D:4)
  4 shadows
  3 wyverns
  A culicivora (D:7)
  A wraith (D:5)
  18 yaks
  A basilisk (D:8)
  Eustachio (D:6)
  A steam dragon (D:10)
  Menkaure (D:4)
  A vampire mosquito (D:10)
  A water moccasin (D:4)
  2 acid dragons
  A swamp drake (D:10)
  3 orc warriors
  An ice beast (D:6)
  An ice beast (shapeshifter) (Vaults:1)
  3 black bears
  An ogre (D:13)
  6 wolves (Gauntlet)
  5 centaurs
  3 kobold brigands
  A weeping skull (Ossuary)
  Blork the orc (D:5)
  7 bullfrogs
  A gnoll sergeant (D:10)
  3 small abominations (Gauntlet)
  11 water moccasin zombies (Ossuary)
  3 scorpions
  3 wights (D:6)
  3 killer bees (D:9)
  A howler monkey (D:6)
  A bombardier beetle (D:5)
  An orc priest (D:6)
  A jelly (D:7)
  2 spectral scorpions (Ossuary)
  4 hounds
  5 iguanas
  12 orc wizards
  A crocodile zombie (Ossuary)
  2 mummies (Ossuary)
  8 gnolls
  8 adders
  A shadow imp (D:5)
  2 white imps
  7 adder zombies (Ossuary)
  4 dart slugs
  50 orcs
  8 ball pythons
  9 bats
  7 endoplasms
  5 giant cockroaches
  5 goblins
  6 hobgoblins
  7 jackals
  3 quokkas (D:1)
  4 frilled lizards
  4 gnoll zombies (Ossuary)
  3 jackal zombies (Ossuary)
  21 kobolds
  15 rats
  A rat zombie (D:5)
370 creatures vanquished.

Vanquished Creatures (collateral kills)
  2 killer bees (D:9)
2 creatures vanquished.

Vanquished Creatures (others)
  A scorpion (D:5)
1 creature vanquished.

Grand Total: 373 creatures vanquished

Notes
Turn   | Place    | Note
-------+----------+-------------------------------------------
     0 | D:1      | Silvore the Demonspawn Fighter began the quest for the Orb.
     0 | D:1      | Reached XP level 1. HP: 18/18 MP: 1/1
     9 | D:1      | You fall into a shaft and drop 1 floor!
    43 | D:2      | Gained mutation: You have a pair of small horns on your
                  | head. [demonic ancestry]
    43 | D:2      | Reached XP level 2. HP: 24/24 MP: 2/2
   190 | D:1      | Reached skill level 2 in Long Blades
   371 | D:1      | Gained mutation: You sometimes gain a little power by
                  | taking damage. [demonic ancestry]
   371 | D:1      | Reached XP level 3. HP: 24/29 MP: 3/3
   602 | D:1      | Found a faded altar of an unknown god.
   953 | D:1      | Identified a scroll of acquirement
   953 | D:1      | Acquired the +0 mask of the Dragon {Will+ Slay+3 SInv}
   953 | D:1      | Found the +0 mask of the Dragon {Will+ Slay+3 SInv}
  1595 | D:2      | Gained mutation: Spells you cast may paralyse adjacent
                  | enemies. [demonic ancestry]
  1595 | D:2      | Reached XP level 4. HP: 35/35 MP: 4/4
  2010 | D:3      | Reached skill level 1 in Dodging
  2321 | D:3      | Found Jyuni's Armour Emporium.
  2420 | D:3      | Reached skill level 3 in Long Blades
  2810 | D:4      | Noticed a water moccasin
  2823 | D:4      | Killed a water moccasin
  2824 | D:4      | Gained mutation: Spells you cast may paralyse nearby
                  | enemies. [demonic ancestry]
  2824 | D:4      | Reached XP level 5. HP: 29/42 MP: 5/5
  2875 | D:4      | Found a staircase to the Ecumenical Temple.
  2925 | Temple   | Entered the Ecumenical Temple
  2948 | Temple   | Became a worshipper of Warmaster Okawaru
  3119 | D:4      | Noticed Menkaure
  3126 | D:4      | Killed Menkaure
  3127 | D:4      | Reached skill level 4 in Long Blades
  3127 | D:4      | Gained mutation: You are partially covered in yellow
                  | scales. (AC +2) [demonic ancestry]
  3127 | D:4      | Reached XP level 6. HP: 25/48 MP: 6/6
  3376 | D:4      | Found a radiant altar of Vehumet.
  3407 | D:4      | Noticed Sigmund
  3417 | D:4      | Killed Sigmund
  3417 | D:4      | Reached * piety under Okawaru
  3418 | D:4      | Reached XP level 7. HP: 42/54 MP: 7/7
  3901 | D:5      | Entered Level 5 of the Dungeon
  3901 | D:5      | Noticed Grinder
  3904 | D:5      | Found a blossoming altar of Fedhas.
  3915 | D:5      | Reached skill level 5 in Long Blades
  3928 | D:5      | Killed Grinder
  3928 | D:5      | Reached ** piety under Okawaru
  3929 | D:5      | Reached skill level 1 in Stealth
  3989 | D:5      | Found a shimmering blue altar of Sif Muna.
  4031 | D:5      | Noticed Blork the orc
  4040 | D:5      | Killed Blork the orc
  4041 | D:5      | Gained mutation: You have a pair of horns on your head.
                  | [demonic ancestry]
  4041 | D:5      | Reached XP level 8. HP: 37/61 MP: 8/8
  4066 | D:5      | Reached skill level 6 in Long Blades
  4204 | D:5      | Found a basalt altar of Yredelemnul.
  4233 | D:5      | Found a sand-covered staircase.
  4244 | Ossuary  | Entered an ossuary
  4297 | Ossuary  | Reached skill level 5 in Armour
  4336 | Ossuary  | Reached skill level 5 in Fighting
  4380 | Ossuary  | Reached *** piety under Okawaru
  4411 | Ossuary  | Reached skill level 7 in Long Blades
  4531 | D:5      | Reached XP level 9. HP: 61/68 MP: 9/9
  4960 | D:5      | Found a shimmering altar of Xom.
  5301 | D:6      | Noticed Jeremiah
  5356 | D:6      | Reached skill level 8 in Long Blades
  5360 | D:6      | Killed Jeremiah
  5360 | D:6      | Reached **** piety under Okawaru
  5795 | D:6      | Noticed Eustachio
  5819 | D:6      | Killed Eustachio
  6358 | D:7      | Reached skill level 9 in Long Blades
  6378 | D:7      | Gained mutation: You are mostly covered in yellow scales.
                  | (AC +3) [demonic ancestry]
  6378 | D:7      | Reached XP level 10. HP: 38/77 MP: 10/10
  6592 | D:7      | Noticed Prince Ribbit
  6603 | D:7      | Killed Prince Ribbit
  6686 | D:7      | Reached ***** piety under Okawaru
  7451 | D:8      | Found a staircase to the Lair.
  7551 | D:8      | Reached skill level 5 in Shields
  8326 | D:9      | Paralysed by a hornet for 2 turns
  8328 | D:9      | Received a gift from Okawaru
  8421 | D:9      | Noticed Erica
  8432 | D:9      | Erica changed into Erica the sun moth
  8432 | D:9      | Noticed Erica
  8434 | D:9      | Killed Erica the sun moth
  8435 | D:9      | Reached skill level 10 in Long Blades
  9166 | D:9      | Noticed Pikel
  9183 | D:9      | Killed Pikel
  9451 | D:10     | Entered Level 10 of the Dungeon
  9549 | D:10     | Found a broken altar of Ashenzari.
  9678 | D:10     | Gained mutation: You are completely covered in yellow
                  | scales. (AC +4, rCorr) [demonic ancestry]
  9678 | D:10     | Reached XP level 11. HP: 37/86 MP: 11/11
  9684 | D:10     | Found a staircase to the Orcish Mines.
 10044 | D:10     | Found a hide-covered altar of Uskayaw.
 10190 | D:10     | Noticed a two-headed ogre
 10205 | D:10     | Killed a two-headed ogre
 10579 | D:11     | Noticed a two-headed ogre
 10592 | D:11     | Killed a two-headed ogre
 10631 | D:11     | Received a gift from Okawaru
 10709 | D:11     | Reached skill level 11 in Long Blades
 10718 | D:11     | Noticed Snorg
 10849 | D:11     | Killed Snorg
 10968 | D:11     | Noticed a two-headed ogre
 10975 | D:11     | Killed a two-headed ogre
 10975 | D:11     | Reached ****** piety under Okawaru
 10978 | D:11     | Acquired a +3 demon blade of flaming
 10978 | D:11     | Received a gift from Okawaru
 10980 | D:11     | Acquired the +3 pair of boots of the Wasteland {^Drain
                  | rPois Will+ Dex+5}
 10980 | D:11     | Received a gift from Okawaru
 11029 | D:11     | Noticed a boulder beetle
 11046 | D:11     | Killed a boulder beetle
 11220 | D:11     | Received a gift from Okawaru
 11556 | D:12     | Noticed a boulder beetle
 11570 | D:12     | Killed a boulder beetle
 11571 | D:12     | Gained mutation: You sometimes gain power by taking damage.
                  | [demonic ancestry]
 11571 | D:12     | Reached XP level 12. HP: 78/95 MP: 12/12
 11633 | D:12     | Reached skill level 12 in Long Blades
 11892 | D:12     | Reached skill level 10 in Armour
 11987 | D:12     | Noticed a boulder beetle
 11998 | D:12     | Killed a boulder beetle
 11998 | D:12     | Received a gift from Okawaru
 12163 | D:12     | Identified the +5 falchion "Hoymory" {freeze, +Blink rF+
                  | Str+2 Dex-5}
 12386 | D:13     | Noticed a four-headed hydra
 12426 | D:13     | Killed a one-headed hydra
 12451 | D:13     | Found a gate leading to a gauntlet.
 12457 | Gauntlet | Entered a Gauntlet
 12457 | Gauntlet | Found a large runed translucent door.
 12457 | Gauntlet | Found a large runed translucent door.
 12457 | Gauntlet | Found a large runed translucent door.
 12457 | Gauntlet | Found a large runed translucent door.
 12457 | Gauntlet | Found a large runed translucent door.
 12457 | Gauntlet | Found a large runed translucent door.
 12457 | Gauntlet | Found a transporter.
 12457 | Gauntlet | Found a large runed translucent door.
 12457 | Gauntlet | Found a large runed translucent door.
 12457 | Gauntlet | Found a runed translucent door.
 12457 | Gauntlet | Found a runed translucent gate.
 12457 | Gauntlet | Found a runed translucent gate.
 12457 | Gauntlet | Found a transporter.
 12457 | Gauntlet | Found a transporter.
 12458 | Gauntlet | Found a transporter.
 12459 | Gauntlet | Found a transporter.
 12462 | Gauntlet | Found a transporter.
 12463 | Gauntlet | Found a runed translucent gate.
 12463 | Gauntlet | Found a runed translucent door.
 12464 | Gauntlet | Found a large runed translucent door.
 12464 | Gauntlet | Found a large runed translucent door.
 12465 | Gauntlet | Found a large runed translucent door.
 12466 | Gauntlet | Found a large runed translucent door.
 12482 | Gauntlet | Found a transporter.
 12482 | Gauntlet | Found a transporter.
 12483 | Gauntlet | Found a transporter.
 12485 | Gauntlet | Found a transporter.
 12487 | Gauntlet | Noticed a ghost crab
 12493 | Gauntlet | Found a transporter.
 12493 | Gauntlet | Found a transporter.
 12493 | Gauntlet | Found the macabre finger necklace {Finger+ rN+}
 12500 | Gauntlet | Noticed a death yak
 12504 | Gauntlet | Noticed a death yak
 12506 | Gauntlet | Noticed a death yak
 12538 | Gauntlet | Found a large runed translucent door.
 12538 | Gauntlet | Found a large runed translucent door.
 12539 | Gauntlet | Found a large runed translucent door.
 12540 | Gauntlet | Found a large runed translucent door.
 12693 | Gauntlet | Received a gift from Okawaru
 12701 | Gauntlet | Noticed a death yak
 12710 | Gauntlet | Identified the +3 chain mail of the Morning Star {Slay+3}
 12855 | Gauntlet | Killed a death yak
 12865 | Gauntlet | HP: 3/96 [death yak (19)]
 12868 | Gauntlet | Killed a death yak
 12869 | Gauntlet | Reached skill level 13 in Long Blades
 12872 | Gauntlet | Killed a death yak
 12923 | Gauntlet | Killed a death yak
 13383 | Gauntlet | Noticed a minotaur
 13396 | Gauntlet | Killed a minotaur
 13407 | Gauntlet | Got the Omnibus of Orientation
 13409 | Gauntlet | Identified the +0 hat "Siunneol" {Int+5}
 13755 | D:13     | Noticed a centaur warrior
 13766 | D:13     | Killed a centaur warrior
 13767 | D:13     | Reached skill level 10 in Fighting
 13895 | D:13     | Noticed a tengu warrior
 13896 | D:13     | Noticed a tengu warrior
 13914 | D:13     | Received a gift from Okawaru
 13924 | D:13     | Killed a tengu warrior
 13925 | D:13     | Reached skill level 1 in Invocations
 13927 | D:13     | Killed a tengu warrior
 14003 | D:13     | Reached XP level 13. HP: 80/103 MP: 13/13
 15019 | D:14     | Found a gate to the Vaults.
 15024 | D:14     | Received a gift from Okawaru
 15634 | D:14     | Identified the +0 chain mail "Anuudey" {Regen+ Int-4 Dex+3}
 15910 | Vaults:1 | Entered Level 1 of the Vaults
 15983 | Vaults:1 | Reached skill level 14 in Long Blades
 16449 | Vaults:1 | Noticed a war gargoyle
 16460 | Vaults:1 | Killed a war gargoyle
 16460 | Vaults:1 | Received a gift from Okawaru
 16483 | Vaults:1 | Noticed an ironbound preserver
 16500 | Vaults:1 | Killed an ironbound preserver
 16507 | Vaults:1 | Noticed an ironbound thunderhulk
 16508 | Vaults:1 | HP: 2/106 [deep troll[an ironbound preserver] (12)]
 16508 | Vaults:1 | Demolished by a deep troll

Illustrated notes

Levels and vault maps discovered:
D:1:      scummos_arrival_simple_fountains, layout_basic, basic_ecumenical_altar
D:2:      layout_basic, minmay_pentomino_v2
D:3:      layout_loops_corners, serial_shops, nicolae_shop_window_shopping,
          chequers_hall_statues_wall_a, minivault_19
D:4:      layout_basic, nicolae_vehumet_radiance, minmay_temple_entry_mist,
          serial_aquarium, aquarium_bridge_straight [aquarium_subvault_bridge,
          aquarium_subvault_window, aquarium_subvault_bridge,
          aquarium_subvault_window], aquarium_window_1, aquarium_window_fake,
          aquarium_window_corner, aquarium_view_2f, aquarium_balcony_double_3,
          aquarium_pool_double, dreamdust_wishing_well, roderic_lattice_a,
          uniq_menkaure, uniq_sigmund
D:5:      layout_loops_ring, mainiacjoe_overflow_catwalk, marbit_many_paths,
          fedhas_altar_1, mainiacjoe_overflow_six_doors_small,
          portal_sewer_entry_e, enter_ossuary_3, uniq_blork_the_orc,
          uniq_grinder
D:6:      layout_basic, uniq_eustachio, uniq_jeremiah
D:7:      layout_loops_ring, uniq_prince_ribbit1
D:8:      layout_loops_ring, david_lair_generic, dk_noncrumbling_3
D:9:      layout_loops_corners, fountainhead, glass_columns_a, uniq_erica,
          uniq_pikel
D:10:     layout_basic, ashenzari_altar_1, nicolae_overflow_crystal_walls,
          erik_orc_1, kennysheep_small_square
D:11:     layout_roguey, uniq_snorg
D:12:     layout_big_octagon
D:13:     layout_basic, gauntlet_entry_generic
D:14:     layout_cave_pods, erik_vaults_1, patterned_corridor
Temple:   hellmonk_temple_of_storms
Vaults:1: ebering_ghost_xom, nicolae_vaults_display_case,
          serial_library_hellmonk_narrow_alcove, hangedman_vaults_corner_blocks,
          vaults_standard_mumra_enter_the_diamond, nicolae_vaults_tetromino_T_2,
          nicolae_vaults_diamond_1, ontoclasm_vaults_pinch,
          nicolae_vaults_tetromino_L_1, v_misc_28, nicolae_vaults_trapezoid_4,
          vaults_room_stairs_pillars, layout_vaults_chaotic_city, uniq_zenata

Skill      XL: |  1  2  3  4  5  6  7  8  9 10 11 12 13 |
---------------+----------------------------------------+-----
Long Blades    | 2 3 4 5 7 9 10 11 13 14 | 14.2
Shields        | 3 4 5 6 7 |  7.6
Armour         | 3 4 5 6 8 9 10 11 | 11.3
Dodging        | 1 2 3 |  3.3
Fighting       | 4 5 6 7 9 10 11 | 11.0
Stealth        | 1 |  1.9
Invocations    | 1 |  1.8

Action                     |  1- 3 |  4- 6 |  7- 9 | 10-12 | 13-15 || total
---------------------------+-------+-------+-------+-------+-------++-------
  Melee: Long sword        |   110 |   104 |   336 |   344 |       ||   894
         Headbutt          |    14 |    14 |    70 |   151 |    34 ||   283
         Demon blade       |       |       |       |   256 |   113 ||   369
 Invoke: Receive Weapon    |       |       |       |     1 |       ||     1
         Receive Armour    |       |       |       |     1 |       ||     1
         Heroism           |       |       |       |     1 |     1 ||     2
         Finesse           |       |       |       |     1 |     1 ||     2
    Use: Scroll            |     2 |     5 |    11 |    11 |     3 ||    32
         Potion            |       |     3 |     1 |     7 |     2 ||    13
   Stab: Paralysed         |       |       |     1 |     1 |       ||     2
         Confused          |       |       |       |     1 |       ||     1
 Armour: Scale mail        |    81 |    36 |       |       |       ||   117
         Plate armour      |       |    42 |   253 |   509 |       ||   804
         Chain mail        |       |       |       |    81 |    99 ||   180
  Dodge: Dodged            |    60 |    49 |    87 |   184 |    26 ||   406
  Block: Buckler           |    32 |    23 |    58 |   160 |    45 ||   318
